 Dungeon Crawl Stone Soup version 0.30-a0-29-g142975f185 (webtiles) character file.

Game seed: 13427285638429005647

39 xian the Trooper (level 3, -1/29 HPs)
             Began as a Demonspawn Fighter on Aug 26, 2022.
             Was a Follower of Okawaru.
             Slain by a gnoll sergeant
             ... wielding a +1 vorpal spear
              (11 damage)
             ... on level 2 of the Dungeon.
             The game lasted 00:02:55 (1703 turns).

xian the Trooper (Demonspawn Fighter)               Turns: 1703, Time: 00:02:55

Health: -1/29      AC:  6    Str: 24    XL:     3   Next: 26%
Magic:  3/3        EV:  9    Int:  9    God:    Okawaru [*.....]
Gold:   69         SH:  4    Dex: 12    Spells: 2/2 levels left

rFire   . . .      SeeInvis .    a - +0 long sword
rCold   . . .      Faith    .    c - +0 buckler
rNeg    . . .      Spirit   .    b - +0 scale mail
rPois   .          Reflect  .    (no helmet)
rElec   .          Harm     .    (no cloak)
rCorr   .          Rampage  .    (no gloves)
Will    +....                    (no boots)
Stlth   ..........               (no amulet)
HPRegen 0.09/turn                f - +6 ring of strength
MPRegen 0.08/turn                g - ring of willpower

@: mighty
A: foul stench 1
a: Renounce Religion, Heroism


You were on level 2 of the Dungeon.
You worshipped Okawaru.
Okawaru was aware of your devotion.
You visited 1 branch of the dungeon, and saw 2 of its levels.

You collected 69 gold pieces.

Inventory:

Hand Weapons
 a - a +0 long sword (weapon)
Armour
 b - a +0 scale mail (worn)
 c - a +0 buckler (worn)
Jewellery
 f - a +6 ring of strength (left hand)
 g - a ring of willpower (right hand)
Scrolls
 e - 5 scrolls of identify {unknown}
 i - 2 scrolls of blinking {unknown}
 j - 2 scrolls of fear {unknown}
 l - a scroll of vulnerability {unknown}
 m - a scroll of enchant armour {unknown}
 n - a scroll of brand weapon {unknown}
 p - a scroll of poison {unknown}
Potions
 h - 3 potions of magic {unknown}
 k - a potion of curing {unknown}
 o - a potion of lignification {unknown}
 q - a potion of mutation {unknown}


   Skills:
 + Level 3.2 Fighting
 + Level 2.7 Long Blades
 + Level 3.1 Armour
 + Level 2.8 Shields


You had 2 spell levels left.
You didn't know any spells.
Your spell library contained the following spells:

 Spells                   Type           Power      Damage    Failure   Level
 Beastly Appendage        Tmut           0%         N/A       78%         1
 Blink                    Tloc           0%         N/A       89%         2
 Wereblood                Tmut           0%         N/A       89%         2
 Lesser Beckoning         Tloc           0%         N/A       98%         3
 Spider Form              Tmut/Pois      0%         N/A       98%         3
 Manifold Assault         Tloc           0%         N/A       100%        5


Dungeon Overview and Level Annotations

Branches:
Dungeon (2/15)

Altars:
Okawaru

Shops:
D:1 (


Innate Abilities, Weirdness & Mutations

You may rarely emit foul miasma when damaged in melee.


Message History

The gnoll hits you with a +0 whip.
You emit a cloud of foul miasma!
The gnoll closely misses you.
You hit the gnoll.
The gnoll is lightly wounded.
The gnoll is engulfed in dark miasma.
The gnoll is poisoned.
The gnoll seems to slow down.
You block the gnoll's attack.
The gnoll hits you from afar with a +0 spear.
You hit the gnoll.
The gnoll is severely wounded.
You block the gnoll's attack.
The gnoll is engulfed in dark miasma.
The gnoll looks even sicker.
The gnoll seems to slow down.
You kill the gnoll!
Okawaru accepts your kill.
You have reached level 3!
Your experience leads to an increase in your attributes!
Your base attributes are Str 16, Int 9, Dex 12.
Increase (S)trength, (I)ntelligence, or (D)exterity?
You feel stronger. x2
You block the gnoll's attack.
You see here a +0 whip.
You hit the gnoll.
The gnoll is heavily wounded.
The gnoll hits you with a +0 spear. You block the gnoll's attack.
You slash the gnoll!
You kill the gnoll!
Okawaru accepts your kill.
Your Armour skill increases to level 3!
Found a hand axe.
Things that are here:
a +0 spear; a gnoll corpse The gnoll shouts!
The gnoll sergeant shouts!
A gnoll sergeant breaks down the door.
Found the +3 woodcutter's axe {vorpal}.
The gnoll sergeant hits you from afar with a +1 vorpal spear.
Found a hand axe.
The gnoll hits you from afar with a +0 spear.
You feel very mighty all of a sudden.
The gnoll sergeant hits you with a +1 vorpal spear!
You die...

...#### ......# ......#######
#### ............# ♣♣♣♣♣♣
########... ...########## ♣♣...)♣
#.......... ...#
♣♣♣..######.##.###.#. ...#
♣♣♣.)..#...#####.###.#.
#.#######♣♣....♣g#...###.........
#†......))......@'g.).##...###.#.
#.#######♣♣)..♣..#...###.........
#.# ♣♣♣....#...# ###.#..... #.#
#######♣♣♣..##### #....... #.#
#.....## ♣♣)...♣ #.#..... #.#
#.###..# ♣♣♣♣♣♣#####.#...>. #.#
#.# #..##########.....###.#. #.#
#.# #..##.........##### #.#.
#.####.###..#.#.....#.## #.#.


You could see a gnoll sergeant and a gnoll.

Vanquished Creatures
  2 gnolls (D:2)
  7 ball pythons
  2 endoplasms (D:1)
  A goblin (D:2)
  3 jackals (D:2)
  A kobold (D:1)
  A quokka (D:2)
  3 rats
20 creatures vanquished.

Notes
Turn   | Place    | Note
-------+----------+-------------------------------------------
     0 | D:1      | xian the Demonspawn Fighter began the quest for the Orb.
     0 | D:1      | Reached XP level 1. HP: 18/18 MP: 1/1
   602 | D:1      | Found a faded altar of an unknown god.
   637 | D:1      | Prayed at the altar of an unknown god.
   637 | D:1      | Became a worshipper of Warmaster Okawaru
   637 | D:1      | Reached * piety under Okawaru
   661 | D:1      | Found Ophaorid's Antique Weapon Emporium.
   683 | D:1      | Gained mutation: You may rarely emit foul miasma when
                  | damaged in melee. [demonic ancestry]
   683 | D:1      | Reached XP level 2. HP: 19/24 MP: 2/2
  1692 | D:2      | Reached XP level 3. HP: 25/29 MP: 3/3
  1698 | D:2      | Noticed a gnoll sergeant
  1700 | D:2      | Found the +3 woodcutter's axe {vorpal}
  1703 | D:2      | Slain by a gnoll sergeant

Illustrated notes

Levels and vault maps discovered:
D:1:      evilmike_arrival_crescent, layout_basic, serial_shops,
          nicolae_square_shop, basic_ecumenical_altar
D:2:      layout_loops_ring, pf_guarded_unrand_woodcutter

Skill      XL: |  1  2  3 |
---------------+----------+-----
Long Blades    | 2 |  2.7
Armour         | 3 |  3.1
Fighting       | |  3.2
Shields        | |  2.8

Action                   || total
-------------------------++-------
Melee: Long sword        ||    62
  Use: Potion            ||     1
Armor: Scale mail        ||    37
Dodge: Dodged            ||    34
Block: Buckler           ||    22

Table legend: (Time is in decaauts)
 A = Elapsed time spent in this place.
 B = Non-inter-level travel time spent in this place.
 C = Inter-level travel time spent in this place.
 D = Time resting spent in this place.
 E = Time spent auto-exploring this place.
 F = Levels seen in this place.
 G = Mean time per level.
                   A        B        C        D        E       F      G
               +--------+--------+--------+--------+--------+-----+--------+
         Total |   1723 |   1723 |      0 |      0 |   1448 |   2 |  861.5 |
       Dungeon |   1723 |   1723 |      0 |      0 |   1448 |   2 |  861.5 |
               +--------+--------+--------+--------+--------+-----+--------+

Top non-repeatable levels by time:
     D:1: 1086 daAuts
     D:2: 636 daAuts
